AoeStats
← szeb

MegaRandom

509703483Analyzed
2v2 RM · 5d ago on Sep 27, 2026· 23m 35s· 4 players
Game mode
Random Map
Map size
Medium (4 player)
Population
200
Speed
Normal
Resources
Standard
Victory
Conquest
Starting age
Dark Age
Ending age
Imperial Age
RankedLock teamsTeams togetherTeam positionsShared explorationLock speedFull tech treeHidden civsTurbo modeCheats
Victory
Defeat
🇭🇺 Teutons · Hungary
1351
+17
🇭🇺 Vikings · Hungary
1350
+17
🇨🇱 Goths · Chile
1391
-18
🇫🇷 Burmese · France
1340
-16
Rudolfking
9:06 Loom
11:15 Feudal Age
12:25 Man-at-Arms
15:01 Forging
14:57 Double-Bit Axe
17:21 Scale Mail Armor
19:24 Arson
24:48 Castle Age
szeb
7:52 Loom
10:52 Feudal Age
13:59 Double-Bit Axe
19:01 Castle Age
17:26 Scale Mail Armor
17:37 Forging
17:39 Man-at-Arms
18:58 Bloodlines
21:46 Scale Barding Armor
22:00 Horse Collar
[CL] EnRolen
8:25 Loom
10:26 Feudal Age
11:42 Man-at-Arms
13:44 Forging
15:09 Scale Mail Armor
hazbro
10:58 Feudal Age
14:31 Loom
21:03 Castle Age
22:30 Forging
Connection lost

Rejoining the realm…

Still unreachable

The connection could not be restored.

Session expired

The server has moved on; the page needs a fresh start.